 Dungeon Crawl Stone Soup version 0.30-a0-141-g30f27751c5 (webtiles) character file.

Game seed: 14588618567931343539

2794 qw the Cleaver (level 9, -12/57 HPs)
             Began as a Gargoyle Fighter on Sept 25, 2022.
             Was an Initiate of Okawaru.
             Mangled by a gargoyle
             ... wielding a +0 flail
              (15 damage)
             ... on level 7 of the Dungeon.
             The game lasted 00:02:33 (8620 turns).

qw the Cleaver (Gargoyle Fighter)                   Turns: 8620, Time: 00:02:33

Health: -12/57     AC: 20    Str: 25    XL:     9   Next: 71%
Magic:  9/9        EV:  7    Int:  8    God:    Okawaru [......]
Gold:   375        SH:  4    Dex:  9    Spells: 8/8 levels left

rFire   . . .      SeeInvis .    Y - +0 war axe
rCold   . . .      Faith    .    c - +0 buckler
rNeg    + . .      Spirit   .    j - +0 plate armour
rPois   inf        Reflect  .    (no helmet)
rElec   +          Harm     .    k - +0 cloak
rCorr   .          Rampage  .    (no gloves)
Will    .....                    (no boots)
Stlth   ..........               (no amulet)
HPRegen 0.19/turn                (no ring)
MPRegen 0.11/turn                (no ring)

@: about to teleport
A: sickness immunity, AC +6, negative energy resistance 1, electricity
resistance, torment resistance 1, petrification resistance
a: Renounce Religion


You were on level 7 of the Dungeon.
You worshipped Okawaru.
Okawaru was noncommittal.
You visited 2 branches of the dungeon, and saw 8 of its levels.

You collected 375 gold pieces.


Innate Abilities, Weirdness & Mutations

You are immune to sickness and miasma.
Your stone body is resilient. (AC +6)
You are immune to poison.
You resist negative energy. (rN+)
You are resistant to electric shocks. (rElec)
You are resistant to unholy torment.
You are immune to petrification.


   Skills:
 - Level 7.0 Fighting
 + Level 9.0 Axes
 - Level 1.4 Throwing
 - Level 6.5 Armour
 - Level 2.2 Dodging
 - Level 4.3 Shields


You had 8 spell levels left.
You didn't know any spells.
Your spell library was empty.

Inventory:

Hand Weapons
 f - a +2 flail of protection
 Y - a +0 war axe (weapon)
Missiles
 m - 5 boomerangs (quivered)
Armour
 c - a +0 buckler (worn)
 j - a +0 plate armour (worn)
 k - a +0 cloak (worn)
Jewellery
 b - an amulet of magic regeneration
 n - a +6 ring of intelligence
Scrolls
 a - a scroll of teleportation
 g - 3 scrolls of identify
Potions
 d - a potion of might
 e - a potion of attraction
 h - a potion of curing
 i - 2 potions of lignification
 l - a potion of haste

Dungeon Overview and Level Annotations

Branches:
Dungeon (7/15)             Temple (1/1) D:6

Altars:
Ashenzari
Cheibriados
Dithmenos
Elyvilon
Fedhas
Gozag
Hepliaklqana
Kikubaaqudgha
Makhleb
Okawaru
Qazlal
Ru
Sif Muna
Trog
Vehumet
Wu Jian
Xom
Yredelemnul
Zin
The Shining One

Shops:
D:1 [   D:4 (


Message History

The poisoned dart completely misses you.
You hit the gargoyle but do no damage.
The gargoyle is heavily damaged.
The gargoyle hurls a stone arrow at you.
The stone arrow misses you.
You slash the gargoyle!
The gargoyle is almost destroyed.
Your surroundings suddenly seem different.
You start resting.
HP restored.
Things that are here:
a +0 whip; 5 stones; an orc skeleton The gargoyle hits you with a +0 flail!
You slice the gargoyle!!
The gargoyle is severely damaged.
The gargoyle hurls a stone arrow at you.
The stone arrow hits you but does no damage.
You closely miss the gargoyle.
The gargoyle is severely damaged.
The gargoyle hits you with a +0 flail!
You hit the gargoyle but do no damage.
The gargoyle is severely damaged.
The gargoyle hits you with a +0 flail!
You hit the gargoyle.
The gargoyle is almost destroyed.
The gargoyle hits you but does no damage.
You hit the gargoyle but do no damage.
The gargoyle is almost destroyed.
The gargoyle hits you with a +0 flail!
8618 ||| READING 2 scrolls of teleportation.
As you read the scroll of teleportation, it crumbles to dust.
You feel strangely unstable.
The gargoyle hits you but does no damage.
You barely miss the gargoyle.
The gargoyle is almost destroyed.
The gargoyle hits you with a +0 flail!
You hit the gargoyle but do no damage.
The gargoyle is almost destroyed.
The gargoyle hits you with a +0 flail!
You die...

....##..........## ##....
..)###...........# #.... ...#
##..........# #.... ..##
#..........# ##... .##
#>.........# #... ## ##.........#
####... ### ################# ###
#.##.#. 7.7
#.7.7.77.7797.7.#77.77#.##.#.
7(7777.7.7.7.7.7@7.777...7#.#..##
.7....7.7.7.9.7.7.7)..........###
7.7777.7.7.7.7)7.7.777...7#.### #
7.7 #.7.7.77.77.7.7.#77.77#.# #
### #######7.7####### ### #.# 7.7
### 777777.777777 7.....K.....7 #
7...........7 ##


You could see a gargoyle.

Vanquished Creatures
  A cyclops (D:7)
  Grinder (D:4)
  A wyvern (D:5)
  2 steam dragons (D:7)
  Menkaure (D:4)
  Edmund (D:4)
  A water moccasin (D:6)
  A sky beast (D:7)
  2 ogres (D:5)
  A black bear (D:6)
  2 phantoms
  A bullfrog (D:6)
  4 scorpions
  A hound (D:7)
  4 orc priests
  A gnoll bouda (D:6)
  4 jellies
  3 iguanas
  Ijyb (D:5)
  2 orc wizards
  5 gnolls
  7 adders
  A white imp (D:5)
  An ufetubus (D:6)
  2 worms (D:2)
  2 dart slugs
  24 orcs
  8 bats
  9 endoplasms
  3 giant cockroaches (D:1)
  5 goblins
  7 hobgoblins
  4 quokkas
  6 ball pythons
  3 frilled lizards
  6 kobolds
  4 rats
132 creatures vanquished.

Vanquished Creatures (others)
  8 plants (D:7)
8 creatures vanquished.

Grand Total: 140 creatures vanquished

Notes
Turn   | Place    | Note
-------+----------+-------------------------------------------
     0 | D:1      | qw the Gargoyle Fighter began the quest for the Orb.
     0 | D:1      | Reached XP level 1. HP: 14/14 MP: 1/1
     0 | D:1      | 0 ||| qw: Version: 0.2-a-10-g399e6c4
     0 | D:1      | 0 ||| qw: Game counter: 112
     0 | D:1      | 0 ||| qw: Always use a shield: true
     0 | D:1      | 0 ||| qw: God list: Okawaru
     0 | D:1      | 0 ||| qw: Allow faded altars: false
     0 | D:1      | 0 ||| qw: Do Orc after D:15 true
     0 | D:1      | 0 ||| qw: Do second Lair branch before Depths: true
     0 | D:1      | 0 ||| qw: Lair rune preference: random
     0 | D:1      | 0 ||| qw: Plans: Normal, Zot:1-4, God:TSO, Crypt, Tomb,
                  | Pan, Slime:5, Hells, Abyss, Orb
     0 | D:1      | 0 ||| PLANNING D:1-11
    34 | D:1      | Reached skill level 2 in Axes
   263 | D:1      | Reached XP level 2. HP: 18/19 MP: 2/2
   891 | D:1      | Reached skill level 3 in Axes
  1059 | D:1      | 1059 ||| Stepping ~*~*~tactically~*~*~ (hiding).
  1066 | D:1      | Reached XP level 3. HP: 23/23 MP: 3/3
  1195 | D:1      | Found Madwieno's Antique Armour Shoppe.
  1204 | D:1      | 1204 ||| SHOPLISTING embroidered cloak (172 gold, have 24).
  1204 | D:1      | 1204 ||| SHOPLISTING glowing orb (276 gold, have 24).
  1204 | D:1      | 1204 ||| SHOPLISTING helmet (103 gold, have 24).
  1613 | D:1      | 1613 ||| UPGRADING to +0 chain mail.
  1623 | D:1      | 1623 ||| DROPPING +0 scale mail.
  1624 | D:1      | 1624 ||| UPGRADING to +0 plate armour.
  1634 | D:1      | 1634 ||| DROPPING +0 chain mail.
  1635 | D:1      | 1635 ||| READING scroll labelled JOIRRO GAOGOEF.
  1636 | D:1      | 1636 ||| READING 5 scrolls labelled HIULEU ZOWKEAM.
  1637 | D:1      | 1637 ||| READING 3 scrolls labelled GIRIYF NIEKIGH.
  1638 | D:1      | 1638 ||| READING scroll labelled QUKUFU BUON.
  1639 | D:1      | 1639 ||| READING scroll labelled GESESM BETZ.
  1644 | D:1      | 1644 ||| DRINKING 2 yellow potions.
  1668 | D:1      | 1668 ||| READING 4 scrolls of identify.
  1668 | D:1      | 1668 ||| IDENTIFYING green potion
  1669 | D:1      | 1669 ||| READING 3 scrolls of identify.
  1669 | D:1      | 1669 ||| IDENTIFYING metallic yellow potion
  1670 | D:1      | 1670 ||| DROPPING potion of magic.
  1671 | D:1      | 1671 ||| DROPPING potion of degeneration.
  1672 | D:1      | 1672 ||| DROPPING 2 scrolls of amnesia.
  1948 | D:2      | Reached XP level 4. HP: 28/28 MP: 4/4
  1972 | D:2      | Reached skill level 4 in Axes
  2302 | D:2      | 2302 ||| UPGRADING to +0 cloak.
  2307 | D:2      | 2307 ||| READING scroll labelled SEYJAI KUEHANA.
  2308 | D:2      | 2308 ||| READING 4 scrolls of identify.
  2308 | D:2      | 2308 ||| IDENTIFYING fizzy red potion
  2309 | D:2      | 2309 ||| READING 3 scrolls of identify.
  2309 | D:2      | 2309 ||| IDENTIFYING fuming amethyst potion
  2310 | D:2      | 2310 ||| DROPPING potion of brilliance.
  2470 | D:3      | 2470 ||| Stepping ~*~*~tactically~*~*~ (stealth).
  2876 | D:3      | 2876 ||| READING scroll labelled HIYLI DEUCSASO.
  2985 | D:4      | Reached XP level 5. HP: 32/32 MP: 5/5
  2986 | D:4      | 2986 ||| Stepping ~*~*~tactically~*~*~ (hiding).
  2989 | D:4      | 2989 ||| Stepping ~*~*~tactically~*~*~ (hiding).
  3044 | D:4      | Noticed a phantom
  3057 | D:4      | Killed a phantom
  3058 | D:4      | Reached skill level 5 in Axes
  3058 | D:4      | Reached XP level 6. HP: 37/37 MP: 6/6
  3091 | D:4      | Noticed Grinder
  3099 | D:4      | Paralysed by Grinder for 3 turns
  3106 | D:4      | HP: 9/38 [orc priest/divine providence (13)]
  3107 | D:4      | 3107 ||| READING 6 scrolls of teleportation.
  3109 | D:4      | 3109 ||| Stepping ~*~*~tactically~*~*~ (hiding).
  3109 | D:4      | HP: 3/38 [orc/+0 hand axe (4)]
  3110 | D:4      | 3110 ||| READING 5 scrolls of teleportation.
  3111 | D:4      | Paralysed by Grinder for 3 turns
  3367 | D:4      | 3367 ||| Stepping ~*~*~tactically~*~*~ (stealth).
  3368 | D:4      | 3368 ||| Stepping ~*~*~tactically~*~*~ (stealth).
  3371 | D:4      | 3371 ||| FLEEEEING.
  3372 | D:4      | 3372 ||| FLEEEEING.
  3373 | D:4      | 3373 ||| FLEEEEING.
  3405 | D:4      | 3405 ||| Stepping ~*~*~tactically~*~*~ (hiding).
  3419 | D:4      | Paralysed by Grinder for 2 turns
  3427 | D:4      | Killed Grinder
  3428 | D:4      | Reached skill level 6 in Axes
  3428 | D:4      | Reached XP level 7. HP: 16/43 MP: 7/7
  3629 | D:4      | 3629 ||| Stepping ~*~*~tactically~*~*~ (stealth).
  3890 | D:4      | Noticed Edmund
  3902 | D:4      | HP: 7/43 [Edmund/+7 dire flail of protection (9)]
  3903 | D:4      | 3903 ||| READING 4 scrolls of teleportation.
  3903 | D:4      | HP: 2/43 [Edmund/+7 dire flail of protection (5)]
  3905 | D:4      | Killed Edmund
  3906 | D:4      | Reached skill level 7 in Axes
  4251 | D:4      | Found Yxkuliri's Weapon Shoppe.
  4272 | D:4      | Noticed Menkaure
  4273 | D:4      | 4273 ||| Stepping ~*~*~tactically~*~*~ (hiding).
  4283 | D:4      | Killed Menkaure
  4284 | D:4      | Reached XP level 8. HP: 32/49 MP: 8/8
  4451 | D:4      | 4451 ||| READING scroll labelled OTHUST ZASOL.
  4452 | D:4      | 4452 ||| READING 5 scrolls of identify.
  4452 | D:4      | 4452 ||| IDENTIFYING emerald potion
  4453 | D:4      | 4453 ||| READING 4 scrolls of identify.
  4453 | D:4      | 4453 ||| IDENTIFYING cyan potion
  4474 | D:5      | Entered Level 5 of the Dungeon
  4482 | D:5      | Noticed a wyvern
  4483 | D:5      | 4483 ||| Stepping ~*~*~tactically~*~*~ (stealth).
  4491 | D:5      | Killed a wyvern
  4505 | D:5      | 4505 ||| FLEEEEING.
  4506 | D:5      | 4506 ||| FLEEEEING.
  4507 | D:5      | 4507 ||| FLEEEEING.
  4508 | D:5      | 4508 ||| FLEEEEING.
  4509 | D:5      | 4509 ||| FLEEEEING.
  4510 | D:5      | 4510 ||| FLEEEEING.
  4511 | D:5      | 4511 ||| FLEEEEING.
  4512 | D:5      | 4512 ||| STAIRDANCE
  4763 | D:5      | Reached skill level 1 in Throwing
  4774 | D:5      | 4774 ||| Stepping ~*~*~tactically~*~*~ (stealth).
  4817 | D:5      | Found a white marble altar of Elyvilon.
  4817 | D:5      | Found an ornate altar of the Wu Jian Council.
  4818 | D:5      | Found a glowing golden altar of the Shining One.
  4821 | D:5      | Found a hazy altar of Hepliaklqana.
  4821 | D:5      | Found a snail-covered altar of Cheibriados.
  5068 | D:5      | Reached skill level 8 in Axes
  5309 | D:5      | 5309 ||| Stepping ~*~*~tactically~*~*~ (hiding).
  5478 | D:5      | Noticed Ijyb
  5479 | D:5      | 5479 ||| Stepping ~*~*~tactically~*~*~ (hiding).
  5481 | D:5      | 5481 ||| Stepping ~*~*~tactically~*~*~ (hiding).
  5482 | D:5      | 5482 ||| Stepping ~*~*~tactically~*~*~ (hiding).
  5489 | D:5      | 5489 ||| DRINKING 2 potions of curing.
  5489 | D:5      | 5489 ||| (to cure confusion)
  5510 | D:5      | Killed Ijyb
  5878 | D:5      | 5878 ||| DRINKING 2 fizzy cyan potions.
  5921 | D:6      | 5921 ||| FLEEEEING.
  5922 | D:6      | 5922 ||| FLEEEEING.
  5923 | D:6      | 5923 ||| FLEEEEING.
  5924 | D:6      | 5924 ||| FLEEEEING.
  5925 | D:6      | 5925 ||| STAIRDANCE
  6104 | D:6      | Reached skill level 6 in Fighting
  6113 | D:6      | Reached XP level 9. HP: 40/55 MP: 9/9
  6114 | D:6      | 6114 ||| FLEEEEING.
  6115 | D:6      | 6115 ||| FLEEEEING.
  6116 | D:6      | 6116 ||| FLEEEEING.
  6117 | D:6      | 6117 ||| STAIRDANCE
  6196 | D:6      | 6196 ||| STAIRDANCE
  6225 | D:6      | 6225 ||| Stepping ~*~*~tactically~*~*~ (stealth).
  6228 | D:6      | 6228 ||| Stepping ~*~*~tactically~*~*~ (hiding).
  6338 | D:6      | 6338 ||| Stepping ~*~*~tactically~*~*~ (stealth).
  6511 | D:6      | 6511 ||| Stepping ~*~*~tactically~*~*~ (hiding).
  6680 | D:6      | Found an opulent altar of Gozag.
  6681 | D:6      | Found a blossoming altar of Fedhas.
  6682 | D:6      | Found a shadowy altar of Dithmenos.
  6683 | D:6      | Found a burning altar of Makhleb.
  6724 | D:6      | Found a staircase to the Ecumenical Temple.
  6725 | D:6      | 6725 ||| PLANNING TEMPLE
  6729 | D:6      | Reached skill level 9 in Axes
  6731 | D:6      | 6731 ||| READING scroll labelled FISHOT AB NAISCH.
  6737 | Temple   | Entered the Ecumenical Temple
  6746 | Temple   | 6746 ||| PLANNING OKAWARU WORSHIP
  6900 | Temple   | Became a worshipper of Warmaster Okawaru
  6901 | Temple   | 6901 ||| PLANNING D:1-11
  7148 | D:6      | 7148 ||| DROPPING ring of magical power.
  7172 | D:7      | 7172 ||| Stepping ~*~*~tactically~*~*~ (stealth).
  7178 | D:7      | 7178 ||| Stepping ~*~*~tactically~*~*~ (stealth).
  7302 | D:7      | 7302 ||| Stepping ~*~*~tactically~*~*~ (cloud).
  7440 | D:7      | 7440 ||| Stepping ~*~*~tactically~*~*~ (stealth).
  7442 | D:7      | 7442 ||| Stepping ~*~*~tactically~*~*~ (stealth).
  7602 | D:7      | 7602 ||| Stepping ~*~*~tactically~*~*~ (cloud).
  7942 | D:7      | Noticed a cyclops
  7943 | D:7      | 7943 ||| FLEEEEING.
  7963 | D:7      | 7963 ||| FLEEEEING.
  7985 | D:7      | HP: 5/57 [cyclops (12)]
  7986 | D:7      | 7986 ||| READING 4 scrolls of teleportation.
  7987 | D:7      | 7987 ||| DRINKING potion of heal wounds.
  7988 | D:7      | Killed a cyclops
  7989 | D:7      | Reached skill level 6 in Armour
  8319 | D:7      | Noticed a gargoyle
  8320 | D:7      | 8320 ||| Stepping ~*~*~tactically~*~*~ (stealth).
  8328 | D:7      | 8328 ||| Stepping ~*~*~tactically~*~*~ (stealth).
  8333 | D:7      | HP: 13/57 [gargoyle/+0 flail (13)]
  8334 | D:7      | 8334 ||| READING 3 scrolls of teleportation.
  8617 | D:7      | HP: 9/57 [gargoyle/+0 flail (15)]
  8618 | D:7      | 8618 ||| READING 2 scrolls of teleportation.
  8619 | D:7      | HP: 2/57 [gargoyle/+0 flail (7)]
  8620 | D:7      | Mangled by a gargoyle

Levels and vault maps discovered:
D:1:      minmay_arrival_four_circles, layout_basic, serial_shops,
          nicolae_lakefront_shop, nicolae_hexahallways
D:2:      layout_loops_ring, moated_statue, minmay_misc_feat_x
D:3:      layout_basic
D:4:      layout_basic, serial_shops, shop, uniq_menkaure, uniq_edmund,
          uniq_grinder
D:5:      layout_basic, grunt_temple_overflow_open, nicolae_sextant, uniq_ijyb
D:6:      layout_rooms, mainiacjoe_overflow_alcove_3, minmay_temple_entry_fiery
D:7:      nzn_winding_woodlands_large [nzn_winding_woodlands_5x5_open_star,
          nzn_winding_woodlands_5x15_split_checker,
          nzn_winding_woodlands_5x5_cross, nzn_winding_woodlands_center_garden,
          nzn_winding_woodlands_15x15_killbox,
          nzn_winding_woodlands_center_lodge, nzn_winding_woodlands_5x5_three,
          nzn_winding_woodlands_5x15_default,
          nzn_winding_woodlands_5x5_default], layout_cave_pods,
          item_on_display_a
Temple:   chequers_temple_sunken

Skill      XL: |  1  2  3  4  5  6  7  8  9 |
---------------+----------------------------+-----
Axes           | 2 3 4 5 6 7 8 9 |  9.0
Fighting       | 4 5 6 7 |  7.0
Armour         | 4 6 |  6.5
Dodging        | 2 |  2.2
Throwing       | 1 |  1.4
Shields        | 4 |  4.3

Action                   |  1- 3 |  4- 6 |  7- 9 || total
-------------------------+-------+-------+-------++-------
Melee: War axe           |   105 |    98 |   299 ||   502
Throw: Boomerang         |       |       |    40 ||    40
  Use: Scroll            |     7 |     6 |     8 ||    21
       Potion            |     1 |       |     3 ||     4
Armor: Scale mail        |    31 |       |       ||    31
       Plate armour      |    18 |    56 |   163 ||   237
Dodge: Dodged            |    36 |    24 |    67 ||   127
Block: Buckler           |    16 |    16 |    36 ||    68

Table legend:
 A = Non-vault XP
 B = Vault XP
 C = Vault XP percentage of total XP
 D = Non-vault monster count
 E = Vault monster count
 F = Vault count percentage of total count
                 A         B        C        D         E       F
            +---------+---------+-------+---------+---------+-------
      Total |    3147 |     845 |  21.2 |     124 |       8 |   6.1
            +---------+---------+-------+---------+---------+-------
        D:1 |      50 |       0 |   0.0 |      29 |       0 |   0.0
        D:2 |      55 |       0 |   0.0 |      14 |       0 |   0.0
        D:3 |      16 |       0 |   0.0 |      10 |       0 |   0.0
        D:4 |     509 |     627 |  55.2 |      20 |       3 |  13.0
        D:5 |     764 |      36 |   4.5 |      15 |       1 |   6.2
        D:6 |     782 |       0 |   0.0 |      23 |       0 |   0.0
        D:7 |     971 |     182 |  15.8 |      13 |       4 |  23.5
            +---------+---------+-------+---------+---------+-------
